 Dungeon Crawl Stone Soup version 0.16.0-17-g811c1d7 (webtiles) character file.

22 timbw the Vexing (level 2, 0/21 HPs)
             Began as a Vampire Arcane Marksman on Mar 20, 2015.
             Slain by a quokka (4 damage)
             ... on level 3 of the Dungeon.
             The game lasted 00:01:30 (679 turns).

timbw the Vexing (Vampire Arcane Marksman)           Turns: 679, Time: 00:01:30

Health: 0/21       AC:  4    Str: 10    XL:     2   Next: 68%
Magic:  3/3        EV: 12    Int: 15    God:
Gold:   64         SH:  0    Dex: 13    Spells: 1 memorised, 2 levels left

rFire  . . .     SeeInvis +     (no weapon)
rCold  . . .     Clarity  .     a - +0 robe
rNeg   . . .     SustAb   .     (no shield)
rPois  .         Gourm    .     n - +0 helmet
rElec  .         Spirit   .     o - +0 cloak
rCorr  .         Warding  .     (no gloves)
rMut   .         Stasis   .     (no boots)
MR     .....                    (no amulet)
Stlth  +.........               (no ring)
                                (no ring)

@: regenerating quickly, not resistant to hostile enchantments, very unstealthy
A: bottle blood, fangs 3, see invisible, unbreathing
a: no special abilities


You were on level 3 of the Dungeon.
You were very full.

You visited 1 branch of the dungeon, and saw 3 of its levels.

You collected 64 gold pieces.

Inventory:

Hand weapons
 f - a cursed -3 club
Missiles
 b - 5 javelins (quivered)
 c - 2 throwing nets
Armour
 a - a +0 robe (worn)
 n - a +0 helmet (worn)
 o - a +0 cloak (worn)
Magical devices
 e - a wand of random effects (24)
Scrolls
 l - a scroll of enchant weapon {unknown}
 m - a scroll of immolation {unknown}
Potions
 g - a potion of cure mutation {unknown}
 h - a potion of degeneration {unknown}
 i - a potion of poison {unknown}
 j - a potion of haste {unknown}
 k - a potion of cancellation {unknown}
Books
 d - a book of Debilitation

   Spells                             Type                      Level
   a - Corona                         Hexes                        1
   b - Slow                           Hexes                        2
   c - Inner Flame                    Hexes/Fire                   3
   d - Enslavement                    Hexes                        4
   e - Cause Fear                     Hexes                        4
   f - Leda's Liquefaction            Hexes/Earth                  4


   Skills:
 - Level 1.2 Fighting
 + Level 1.7 Maces & Flails
 - Level 1.5 Throwing
 - Level 2.1 Dodging
 - Level 1.0 Spellcasting
 - Level 4.4 Hexes


You had 2 spell levels left.
You knew the following spells:

 Your Spells              Type           Power        Failure   Level  Hunger
a - Corona                Hex            ##.....      4%          1    ##.....


Dungeon Overview and Level Annotations

Branches:
Dungeon (3/15)

Altars:
Qazlal


Innate Abilities, Weirdness & Mutations

Your natural rate of healing is unusually fast.
You can bottle blood from corpses.
You have razor-sharp teeth.
You have supernaturally acute eyesight.
You can survive without breathing.


Message History

The quokka is moderately wounded.
The quokka barely misses you.
You barely miss the quokka.
The quokka is moderately wounded.
The quokka bites you. x2
* * * LOW HITPOINT WARNING * * *
You are too injured to fight recklessly!
You are too injured to fight recklessly!
You are too injured to fight recklessly!
You miss the quokka.
The quokka is moderately wounded.
The quokka bites you.
* * * LOW HITPOINT WARNING * * *
You closely miss the quokka.
The quokka is moderately wounded.
The quokka closely misses you.
You hit the quokka.
The quokka is severely wounded.
The quokka bites you.
You die...

..._... ........ ##...##
#### #...#E ##...####...#
####
#..........##########...
..............##...##...
#............#......##...
#......)@................
##.....r.........#..#....
##...>#.................
#...#.###...............
#.. . ..........<...... .
.. ...........#.#.... ..
...........#.#.... .
.............#....
.......###.....


You could see an earth elemental and a quokka.

Vanquished Creatures
  An ooze (D:2)
  A bat (D:3)
  4 goblins
  3 hobgoblins
  A quokka (D:2)
  A ball python (D:1)
  A giant cockroach (D:2)
  3 kobolds (D:2)
  5 rats (D:2)
20 creatures vanquished.

Notes
Turn   | Place    | Note
--------------------------------------------------------------
     0 | D:1      | timbw, the Vampire Arcane Marksman, began the quest for the Orb.
     0 | D:1      | Reached XP level 1. HP: 14/14 MP: 2/2
     4 | D:1      | Reached skill level 1 in Fighting
   163 | D:2      | Reached skill level 1 in Maces & Flails
   260 | D:2      | Reached XP level 2. HP: 18/21 MP: 3/3
   660 | D:3      | Found a stormy altar of Qazlal.
   664 | D:3      | Noticed an earth elemental
   679 | D:3      | Slain by a quokka

Action                   || total
-------------------------++-------
Melee: Unarmed           ||    94
Throw: Javelin           ||     7
  Use: Potion            ||     1
  Eat: Corpse            ||     6
